 Dungeon Crawl Stone Soup version 0.31-a0-233-g139696dc86 (webtiles) character file.

Game seed: 15053523392790352435

25 Nietzsche the Sneak (level 2, 0/20 HPs)
             Began as a Vampire Enchanter on July 8, 2023.
             Slain by a gnoll
             ... wielding a +0 spear
              (1 damage)
             ... on level 1 of the Dungeon.
             The game lasted 00:01:25 (513 turns).

Nietzsche the Sneak (Vampire Enchanter)              Turns: 513, Time: 00:01:25

Health: 0/20       AC:  2    Str:  7    XL:     2   Next: 82%
Magic:  5/5        EV: 12    Int: 17    God:
Gold:   35         SH:  0    Dex: 14    Spells: 5/5 levels left

rFire   . . .        a - +1 dagger
rCold   . . .        (no shield)
rNeg    . . .        b - +0 robe
rPois   .            (no helmet)
rElec   .            (no cloak)
rCorr   .            (no gloves)
SInv    +            (no boots)
Will    .....        (no amulet)
Stlth   +++          (no ring)
HPRegen 0.43/turn    (no ring)
MPRegen 0.09/turn

%: no passive effects
@: healing quickly, invisible
A: alive, fangs 3, see invisible, vampiric 1
a: Exsanguinate


You were on level 1 of the Dungeon.
You visited 1 branch of the dungeon, and saw 1 of its levels.

You collected 35 gold pieces.

Inventory:

Hand Weapons
 a - a +1 dagger (weapon)
Missiles
 f - 2 throwing nets
Armour
 b - a +0 robe (worn)
Scrolls
 e - 2 scrolls of identify {unknown}
 g - a scroll of teleportation {unknown}
 h - a scroll of vulnerability {unknown}
Potions
 c - a potion of invisibility
 d - a potion of enlightenment {unknown}
 i - a potion of resistance {unknown}


   Skills:
 * Level 0.5 Fighting
 + Level 1.5 Short Blades
 + Level 2.2 Dodging
 + Level 5.1 Stealth
 + Level 2.1 Spellcasting
 + Level 4.7 Hexes


You had 5 spell levels left.
You didn't know any spells.
Your spell library contained the following spells:

 Spells                   Type           Power      Damage    Failure   Level
 Confusing Touch          Hex            17%        N/A       9%          3
 Tukima's Dance           Hex            17%        N/A       9%          3
 Ensorcelled Hibernation  Hex/Ice        18%        N/A       11%         2
 Dazzling Flash           Conj/Hex       18%        N/A       22%         3


Dungeon Overview and Level Annotations

Branches:
Dungeon (1/15)

Altars:


Innate Abilities, Weirdness & Mutations

Your natural rate of healing is accelerated.
You have razor-sharp teeth.
You have supernaturally acute eyesight. (SInv)
You are afflicted with vampirism.


Message History

A ball python comes into view.
A ball python is nearby!
The helpless ball python fails to defend itself.
You impale the ball python!!
You kill the ball python!
No target in view!
No target in view!
You see here a ball python corpse.
A gnoll comes into view. It is wielding a +0 spear.
The gnoll shouts!
A gnoll is nearby!
The gnoll completely misses you. The gnoll misses you.
You barely miss the gnoll. The gnoll closely misses you.
You barely miss the gnoll. Your bite misses the gnoll.
The gnoll closely misses you.
You closely miss the gnoll. The gnoll hits you with a +0 spear.
You hit the gnoll but do no damage. The gnoll hits you with a +0 spear.
You completely miss the gnoll. The gnoll barely misses you.
You hit the gnoll. Your bite misses the gnoll.
The gnoll is moderately wounded.
The gnoll closely misses you.
You hit the gnoll.
The gnoll is moderately wounded.
The gnoll hits you with a +0 spear.
* * * LOW HITPOINT WARNING * * *
You barely miss the gnoll.
The gnoll is moderately wounded.
You barely miss the gnoll. Your bite misses the gnoll.
The gnoll is moderately wounded.
The gnoll hits you with a +0 spear.
* * * LOW HITPOINT WARNING * * *
You fade into invisibility!
The gnoll closely misses you.
You closely miss the gnoll. Your bite misses the gnoll.
The gnoll is moderately wounded.
The gnoll hits you with a +0 spear.
* * * LOW HITPOINT WARNING * * *
The gnoll hits you from afar with a +0 spear.
You die...

#.#.# #.# #.#
#.#.# #.#
#.###### ##.#.#
#.# #......##
#....####.#
###.....##
#.###..###.†..#
##.......##
#......# #.####
#..........
#####..# #.###
#........## #..#
#...# #.#.....###
########..#####@#
#.##.......
#.............#.#
###.###.#.###
#.######..###.#g#
#..)..>.#.# #.#
#..# #.#
#.#.#####.# #.#
#..#
#.####.#.#####.#
#.# ...#
................
#.# ##....
.........#######
#.# #. #....
#.#####..# #.#
.##...# #.# #.)#


You could see a gnoll (unable to see you).

Vanquished Creatures
  2 ball pythons (D:1)
  A bat (D:1)
  5 endoplasms (D:1)
  A giant cockroach (D:1)
  4 goblins (D:1)
  2 hobgoblins (D:1)
  2 kobolds (D:1)
  A quokka (D:1)
  A frilled lizard (D:1)
19 creatures vanquished.

Notes
Turn   | Place    | Note
-------+----------+-------------------------------------------
     0 | D:1      | Nietzsche the Vampire Enchanter began the quest for the
                  | Orb.
     0 | D:1      | Reached XP level 1. HP: 13/13 MP: 3/3
   181 | D:1      | Reached XP level 2. HP: 20/20 MP: 5/5
   238 | D:1      | Reached skill level 5 in Stealth
   512 | D:1      | HP: 1/20 [gnoll/+0 spear (5)]
   513 | D:1      | Slain by a gnoll

Illustrated notes

Levels and vault maps discovered:
D:1:      lightli_arrival_isolated_outpost, layout_loops_ring

Skill      XL: |  1  2 |
---------------+-------+-----
Stealth        | 5 |  5.1
Fighting       | |  0.5
Short Blades   | |  1.5
Dodging        | |  2.2
Spellcasting   | |  2.1
Hexes          | |  4.7

Action                     || total
---------------------------++-------
  Melee: Dagger            ||    50
         Bite              ||     4
    Use: Potion            ||     1
   Stab: Sleeping          ||    10
 Armour: Robe              ||     3
  Dodge: Dodged            ||    22

Table legend: (Time is in decaauts)
 A = Elapsed time spent in this place.
 B = Non-inter-level travel time spent in this place.
 C = Inter-level travel time spent in this place.
 D = Time resting spent in this place.
 E = Time spent auto-exploring this place.
 F = Levels seen in this place.
 G = Mean time per level.
                   A        B        C        D        E       F      G
               +--------+--------+--------+--------+--------+-----+--------+
         Total |    516 |    516 |      0 |      0 |    332 |   1 |  516.0 |
       Dungeon |    516 |    516 |      0 |      0 |    332 |   1 |  516.0 |
               +--------+--------+--------+--------+--------+-----+--------+

Top non-repeatable levels by time:
     D:1: 516 daAuts
